 Dungeon Crawl Stone Soup version 0.31-a0-879-g1609e0ac53 (webtiles) character file.

Game seed: 11835579831353475491

994 Dirtsage the Ruffian (level 8, -6/81 HPs)
             Began as an Octopode Shapeshifter on Oct 14, 2023.
             Mangled by a gnoll sergeant
             ... wielding a +0 trident
              (10 damage)
             ... on level 5 of the Dungeon.
             The game lasted 00:05:52 (3740 turns).

Dirtsage the Ruffian (Octopode Shapeshifter)        Turns: 3740, Time: 00:05:52

Health: -6/81      AC:  1    Str: 15    XL:     8   Next: 19%
Magic:  8/8        EV: 13    Int: 18    God:
Gold:   201        SH:  0    Dex: 12    Spells: 7/7 levels left

rFire   . .          .
                       - Unarmed
rCold   . . .        (no shield)
rNeg    . . .        (helmet currently unavailable)
rPois   .            h - amulet of the acrobat
rElec   .            k - +6 ring of intelligence
rCorr   .            S - ring of see invisible
SInv    +            (no ring)
Will    .....        (no ring) Stlth
                     (no ring)
HPRegen 0.33/turn    (no ring)
MPRegen 0.11/turn    (no ring)
                     (no ring)

%: acrobat
@: berserking, beast-form, very quick
A: beast (slay +3), almost no armour, amphibious, 8 rings, camouflage 1,
gelatinous body 1, (nimble swimmer 1), tentacles
a: Begin Untransformation


You were on level 5 of the Dungeon.
You were a hulking beast.
You visited 1 branch of the dungeon, and saw 5 of its levels.

You collected 201 gold pieces.

Inventory:

Armour
 u - a +0 buckler
Magical Staves
 l - a staff of conjuration
Jewellery
 h - an amulet of the acrobat (around mantle)
 k - a +6 ring of intelligence (left tentacle)
 t - an amulet of magic regeneration
 w - a ring of ice
 S - a ring of see invisible (right tentacle)
Talismans
 b - a beast talisman (active)
 c - a flux talisman
Scrolls
 e - a scroll of blinking {unknown}
 f - a scroll of noise {unknown}
 i - a scroll of fog {unknown}
 n - 4 scrolls of identify {unknown}
 p - a scroll of revelation {unknown}
 q - 3 scrolls of butterflies {unknown}
 r - a scroll of vulnerability {unknown}
 s - a scroll of teleportation {unknown}
Potions
 a - 2 potions of lignification
 d - a potion of magic {unknown}
 g - 4 potions of curing {unknown}
 j - 2 potions of heal wounds {unknown}
 m - 3 potions of resistance {unknown}
 o - 3 potions of berserk rage
 v - a potion of attraction {unknown}


   Skills:
 + Level 3.9 Fighting
 - Level 2.0 Dodging
 + Level 3.0 Stealth
 * Level 6.3 Unarmed Combat
 * Level 6.0 Shapeshifting


You had 7 spell levels left.
You didn't know any spells.
Your spell library contained the following spells:

 Spells                   Type           Power      Damage    Failure   Level
 Apportation              Tloc           0%         N/A       22%         1
 Freeze                   Ice            0%         1d3       22%         1
 Necrotise                Necr           0%         1d4       22%         1
 Summon Small Mammal      Summ           0%         N/A       22%         1
 Lesser Beckoning         Tloc           0%         N/A       32%         2
 Frozen Ramparts          Ice            0%         1d1       54%         3
 Gell's Gravitas          Tloc           0%         N/A       54%         3
 Hailstorm                Conj/Ice       0%         3d3       54%         3
 Teleport Other           Tloc           0%         N/A       54%         3
 Summon Ice Beast         Ice/Summ       0%         N/A       91%         4
 Simulacrum               Ice/Necr       0%         N/A       100%        6


Dungeon Overview and Level Annotations

Branches:
Dungeon (5/15)
 Temple: D:4-7

Altars:
Ashenzari
Elyvilon
Gozag
Makhleb
Nemelex Xobeh
Xom

Annotations:
D:5 2 runed translucent doors


Innate Abilities, Weirdness & Mutations

You are a hulking beast.
Your limbs bulge with bestial killing power. (Slay +3)
You cannot wear most types of armour.
You are amphibious.
You can wear up to eight rings at the same time.
Your skin changes colour to match your surroundings (Stealth+).
Your rubbery body absorbs attacks. (AC +1, EV +1)
((You are camouflaged when in or above water. (Stealth+)))
You have tentacles for arms and can constrict up to eight enemies at once.


Message History

You squeeze the sleepcap.
The sleepcap is moderately damaged.
You constrict the sleepcap. The sleepcap releases spores at you.
You are engulfed in a cloud of soporific spores!
You fall asleep.
You lose your grip on the sleepcap.
The sleepcap releases spores at you!
You wake up.
A gnoll comes into view. It is wielding a +0 whip.
The gnoll closely misses you.
You take 22 damage, and have 32/54 hp.
MASSIVE DAMAGE!!
The gnoll shouts!
You tentacle-slap the sleepcap. You grab the sleepcap.
The sleepcap is heavily damaged.
You constrict the sleepcap. The sleepcap barely misses you.
You tentacle-slap the sleepcap but do no damage.
The sleepcap is heavily damaged.
You constrict the sleepcap, but do no damage.
The sleepcap closely misses you.
You tentacle-slap the sleepcap.
The sleepcap is severely damaged.
You constrict the sleepcap. The sleepcap releases spores at you!
You are engulfed in a cloud of soporific spores!
You are unaffected.
The gnoll sergeant hits you from afar with a +0 trident!
* * * LOW HITPOINT WARNING * * *
You take 23 damage, and have 9/54 hp.
MASSIVE DAMAGE!!
You tentacle-slap the sleepcap but do no damage.
You squeeze the sleepcap, but do no damage.
The sleepcap is almost destroyed.
You constrict the sleepcap.
The gnoll sergeant hits you from afar with a +0 trident!
* * * LOW HITPOINT WARNING * * *
The sleepcap barely misses you.
You take 7 damage, and have 2/54 hp.
You release your grip on the sleepcap.
It was a potion of berserk rage.
A red film seems to cover your vision as you go berserk!
You feel yourself moving faster!
You feel mighty! The sleepcap misses you.
The gnoll sergeant hits you from afar with a +0 trident!
You die...

.....#####≈#_#≈#
####.#####≈#'#≈### #
#......≈≈.≈≈..#
#######...###.#
######## #..## #.#
.......# #.## #.#
######.# #.# #.# #.#
#.# #.# #.# #.#
#h########
#.###.#####.fgg.gg.#
#........#########.#
##............#
#.##.##.####.#
#.##<##.# #.#
##.##.##.# #.#
#.....##.# #.#
#..#####.## #.#


You could see a sleepcap, a gnoll sergeant and 3 gnolls.

Vanquished Creatures
  Sigmund (D:2)
  2 black bears
  2 ogres
  2 phantoms (D:5)
  3 hounds (D:5)
  3 iguanas
  A sleepcap (D:5)
  6 gnolls
  2 adders
  A shadow imp (D:5)
  3 worms
  4 dart slugs
  An orc (D:3)
  2 endoplasms (D:2)
  9 goblins
  2 hobgoblins
  2 jackals (D:2)
  4 kobolds
  2 quokkas
  6 ball pythons
  4 bats
  2 frilled lizards (D:2)
  7 rats
71 creatures vanquished.

Notes
Turn   | Place    | Note
-------+----------+-------------------------------------------
     0 | D:1      | Dirtsage the Octopode Shapeshifter began the quest for the
                  | Orb.
     0 | D:1      | Reached XP level 1. HP: 13/13 MP: 1/1
    78 | D:1      | Reached XP level 2. HP: 14/18 MP: 2/2
   223 | D:1      | Found a faded altar of an unknown god.
   624 | D:1      | Reached XP level 3. HP: 19/23 MP: 3/3
   816 | D:2      | Reached XP level 4. HP: 21/29 MP: 4/4
   871 | D:2      | Noticed Sigmund
   880 | D:2      | Killed Sigmund
   881 | D:2      | Reached XP level 5. HP: 28/35 MP: 5/5
  1482 | D:3      | Reached XP level 6. HP: 23/41 MP: 6/6
  2082 | D:4      | Found a white marble altar of Elyvilon.
  2120 | D:4      | Reached skill level 5 in Unarmed Combat
  2140 | D:4      | Noticed a black bear
  2148 | D:4      | Killed a black bear
  2149 | D:4      | Reached skill level 5 in Shapeshifting
  2149 | D:4      | Reached XP level 7. HP: 18/46 MP: 7/7
  2287 | D:4      | Found a shimmering altar of Xom.
  2615 | D:4      | Found a sparkling altar of Nemelex Xobeh.
  2630 | D:4      | Found a burning altar of Makhleb.
  2630 | D:4      | Noticed a cacodemon
  2844 | D:5      | Entered Level 5 of the Dungeon
  2871 | D:5      | Reached skill level 1 in Stealth
  2873 | D:5      | Found an opulent altar of Gozag.
  3173 | D:5      | Found a broken altar of Ashenzari.
  3511 | D:5      | Reached XP level 8. HP: 44/54 MP: 8/8
  3577 | D:5      | Found a runed translucent door.
  3585 | D:5      | Found a runed translucent door.
  3738 | D:5      | HP: 2/54 [gnoll sergeant/+0 trident (7)]
  3740 | D:5      | Mangled by a gnoll sergeant

Illustrated notes

Levels and vault maps discovered:
D:1:      zaba_arrival_water, layout_rooms,
          dreamdust_ecumenical_altar_hidden_monk_grotto
D:2:      layout_rooms, uniq_sigmund
D:3:      layout_basic, serial_rivers, chequers_serial_rivers_room_b,
          chequers_serial_rivers_small_3, chequers_serial_rivers_small_3,
          chequers_serial_rivers_large_b, chequers_serial_rivers_room_a,
          dreamdust_wishing_well, corexii_hall_statues_x
D:4:      layout_loops_ring, mainiacjoe_overflow_alcove_1, elyvilon_altar_3,
          lemuel_doored_altar, makhleb_altar_promises_db, corexii_shack,
          fountainhead
D:5:      lemuel_insect_pit, layout_loops_ring, evilmike_ruin_ashenzari,
          kennysheep_mini_moat

Skill      XL: |  1  2  3  4  5  6  7  8 |
---------------+-------------------------+-----
Fighting       | 2 3 |  3.9
Unarmed Combat | 4 5 6 |  6.3
Shapeshifting  | 4 5 6 |  6.0
Stealth        | 2 3 |  3.0
Dodging        | |  2.0

Action                     |  1- 3 |  4- 6 |  7- 9 || total
---------------------------+-------+-------+-------++-------
  Melee: Unarmed           |    46 |    51 |    66 ||   163
         Constrict         |    11 |    12 |    13 ||    36
         Punch             |     2 |     1 |     4 ||     7
         Tentacles         |     6 |    12 |    12 ||    30
    Use: Potion            |       |       |     1 ||     1
   Stab: Sleeping          |       |     3 |     5 ||     8
         Distracted        |       |     1 |       ||     1
 Armour: Skin              |    12 |    23 |    28 ||    63
  Dodge: Dodged            |    27 |    29 |    32 ||    88

Table legend: (Time is in decaauts)
 A = Elapsed time spent in this place.
 B = Non-inter-level travel time spent in this place.
 C = Inter-level travel time spent in this place.
 D = Time resting spent in this place.
 E = Time spent auto-exploring this place.
 F = Levels seen in this place.
 G = Mean time per level.
                   A        B        C        D        E       F      G
               +--------+--------+--------+--------+--------+-----+--------+
         Total |   3722 |   3620 |    102 |      0 |   3113 |   5 |  744.4 |
       Dungeon |   3722 |   3620 |    102 |      0 |   3113 |   5 |  744.4 |
               +--------+--------+--------+--------+--------+-----+--------+

Top non-repeatable levels by time:
     D:4: 930 daAuts
     D:5: 889 daAuts
     D:3: 752 daAuts
     D:1: 645 daAuts
     D:2: 505 daAuts
